AoeStats
← FR HectorDevis

Arena

510125894Analyzed
4v4 RM · 2d ago on Sep 29, 2026· 77m 39s· 8 players
Game mode
Random Map
Map size
Large (8 player)
Population
200
Speed
Normal
Resources
Standard
Victory
Conquest
Starting age
Dark Age
Ending age
Imperial Age
RankedLock teamsTeams togetherTeam positionsShared explorationLock speedFull tech treeHidden civsTurbo modeCheats
Victory
Defeat
🇹🇼 Magyars · Taiwan
1046
+15
🇩🇪 Danes · Germany
1043
+15
🇹🇼 Franks · Taiwan
1041
+15
🇫🇷 Persians · France
985
+18
🇹🇼 Japanese · Taiwan
1078
-17
🇦🇷 Franks · Argentina
1073
-18
🇹🇼 Danes · Taiwan
999
-15
🇹🇼 Bohemians · Taiwan
946
-13
kukucdenss
10:40 Feudal Age
15:26 Castle Age
14:17 Double-Bit Axe
18:17 Loom
20:24 Wheelbarrow
21:01 Bow Saw
21:35 Fletching
23:33 Fortified Wall
25:12 Gambesons
24:48 Pikeman
25:30 Scale Mail Armor
27:06 Forging
28:18 Bodkin Arrow
35:14 Imperial Age
38:34 Halberdier
39:31 Stone Mining
42:23 Chain Mail Armor
53:19 Light Cavalry
55:11 Scale Barding Armor
57:33 Gold Mining
68:31 Hand Cart
73:36 Iron Casting
73:52 Squires
75:59 Plate Mail Armor
76:39 Blast Furnace
76:13 Husbandry
77:48 Chain Barding Armor
theDude
10:59 Feudal Age
11:53 Double-Bit Axe
12:15 Horse Collar
14:49 Castle Age
16:57 Wheelbarrow
17:28 Loom
21:55 Town Watch
23:35 Heavy Plow
24:46 Stone Mining
26:44 Fletching
27:48 Bodkin Arrow
28:15 Gold Mining
31:59 Imperial Age
32:12 Onager
33:39 Gold Shaft Mining
34:17 Chemistry
34:54 Siege Engineers
35:35 Siege Onager
37:24 Northmen's Fury
42:23 Conscription
41:44 Capped Ram
42:45 Bow Saw
42:42 Scale Mail Armor
42:53 Forging
42:43 Bracer
42:43 Padded Archer Armor
43:16 Elite Varangian Guard
43:57 Squires
44:12 Gambesons
44:12 Arson
46:33 Chain Mail Armor
46:53 Iron Casting
49:31 Pikeman
50:13 Halberdier
53:32 Heavy Mounted Crossbowman
57:37 Stone Shaft Mining
57:38 Plate Mail Armor
58:09 Blast Furnace
56:43 Elite Skirmisher
58:00 Ballistics
60:02 Bloodlines
59:53 Husbandry
61:22 Siege Ram
68:04 Light Cavalry
Monkidz
10:17 Feudal Age
14:57 Castle Age
13:07 Double-Bit Axe
13:15 Horse Collar
14:26 Gold Mining
17:23 Husbandry
19:17 Light Cavalry
23:34 Loom
24:32 Bow Saw
24:15 Stone Mining
26:20 Wheelbarrow
31:21 Imperial Age
29:51 Gold Shaft Mining
30:50 Thumb Ring
30:49 Fletching
31:00 Padded Archer Armor
32:14 Bodkin Arrow
32:36 Bloodlines
33:43 Two-Man Saw
32:46 Heavy Plow
33:19 Leather Archer Armor
33:23 Town Watch
34:42 Ballistics
35:19 Conscription
34:38 Heavy Cavalry Archer
35:51 Parthian Tactics
35:42 Scale Barding Armor
36:14 Crop Rotation
37:09 Chemistry
36:56 Scale Barding Armor
37:22 Ring Archer Armor
37:45 Bracer
38:28 Hussar
41:27 Chain Barding Armor
42:23 Hand Cart
42:48 Plate Barding Armor
45:15 Murder Holes
46:25 Recurve Bow
46:14 Elite Skirmisher
54:49 Town Patrol
FR HectorDevis
6:22 Loom
9:05 Feudal Age
9:47 Horse Collar
9:57 Double-Bit Axe
15:06 Gold Mining
18:49 Castle Age
16:40 Stone Mining
17:44 Bloodlines
17:28 Fletching
19:34 Heavy Plow
22:45 Kamandaran
24:25 Bow Saw
25:33 Crossbowman
34:19 Ballistics
34:11 Forging
33:57 Bodkin Arrow
38:18 Imperial Age
37:37 Iron Casting
37:08 Scale Barding Armor
41:36 Chemistry
40:43 Husbandry
41:20 Cavalier
42:39 Light Cavalry
44:59 Hussar
47:44 Blast Furnace
50:00 Heavy Camel Rider
51:30 Chain Barding Armor
60:57 Pikeman
62:56 Squires
69:02 Conscription
Bukele
12:16 Feudal Age
13:27 Double-Bit Axe
16:28 Castle Age
15:16 Gold Mining
15:35 Scale Barding Armor
16:01 Loom
26:25 Forging
31:06 Wheelbarrow
35:24 Imperial Age
33:52 Bow Saw
34:30 Iron Casting
35:00 Gold Shaft Mining
36:07 Chain Barding Armor
35:41 Cavalier
38:02 Husbandry
40:02 Chemistry
39:51 Conscription
40:19 Hand Cart
41:15 Fletching
42:34 Blast Furnace
44:38 Stone Mining
45:07 Town Watch
46:38 Paladin
51:54 Chivalry
52:20 Fortified Wall
54:18 Sanctity
56:59 Plate Barding Armor
56:15 Fletching
56:26 Padded Archer Armor
56:00 Elite Skirmisher
56:42 Scale Mail Armor
59:43 Light Cavalry
61:16 Crossbowman
70:43 Bodkin Arrow
71:04 Leather Archer Armor
Icewond
5:16 Loom
11:41 Feudal Age
16:18 Castle Age
14:17 Horse Collar
14:39 Double-Bit Axe
17:38 Bow Saw
18:09 Stone Mining
22:48 Wheelbarrow
23:51 Scale Mail Armor
26:12 Heavy Plow
27:42 Hand Cart
27:28 Gold Mining
29:19 Chain Mail Armor
30:13 Forging
34:02 Imperial Age
31:29 Town Watch
31:33 Hamask
33:22 Iron Casting
34:12 Gold Shaft Mining
34:15 Stone Shaft Mining
33:50 Town Patrol
33:46 Fletching
35:27 Plate Mail Armor
35:57 Blast Furnace
34:54 Bodkin Arrow
35:26 Conscription
35:44 Onager
37:15 Siege Engineers
37:31 Ballistics
37:04 Elite Jomsviking
37:20 Northmen's Fury
39:31 Siege Onager
40:51 Hoardings
44:06 Squires
43:52 Gambesons
43:53 Arson
43:56 Gambesons
43:34 Elite Varangian Guard
44:19 Bracer
44:25 Scale Barding Armor
44:21 Padded Archer Armor
51:20 Masonry
52:11 Chemistry
52:07 Leather Archer Armor
52:12 Chain Barding Armor
62:45 Coinage
62:16 Caravan
66:50 Banking
Kuro
2:19 Loom
11:22 Feudal Age
15:15 Castle Age
13:05 Double-Bit Axe
13:12 Horse Collar
17:19 Bow Saw
19:33 Heavy Plow
20:59 Gold Mining
24:00 Wheelbarrow
23:13 Town Watch
23:52 Scale Mail Armor
24:31 Fletching
29:15 Imperial Age
27:01 Stone Mining
27:42 Chain Mail Armor
30:51 Conscription
31:05 Plate Mail Armor
30:46 Forging
31:23 Gold Shaft Mining
31:52 Two-Man Saw
31:57 Fortified Wall
32:08 Elite Samurai
33:51 Iron Casting
34:46 Hand Cart
34:21 Pikeman
35:03 Squires
34:49 Arson
36:14 Halberdier
38:09 Blast Furnace
38:23 Onager
45:00 Chemistry
59:27 Caravan
69:24 Thumb Ring
68:49 Elite Skirmisher
69:33 Padded Archer Armor
69:28 Bodkin Arrow
Delta
5:25 Loom
12:19 Feudal Age
16:19 Castle Age
15:01 Double-Bit Axe
15:11 Horse Collar
26:52 Wheelbarrow
29:58 Imperial Age
28:55 Redemption
29:07 Hand Cart
31:27 Conscription
33:28 Block Printing
33:35 Hussite Reforms
34:07 Block Printing
34:31 Fervor
34:25 Atonement
34:59 Illumination
35:00 Sanctity
34:32 Pikeman
35:26 Halberdier
36:06 Squires
36:22 Town Watch
42:37 Chemistry
42:01 Ballistics
42:32 Siege Engineers
50:49 Houfnice
60:00 Masonry
67:46 Caravan
Connection lost

Rejoining the realm…

Still unreachable

The connection could not be restored.

Session expired

The server has moved on; the page needs a fresh start.